Map: Ulrena

Players

zidar - Winner!

  • Race: Zerg Zerg
  • League: Silver
  • Spawn Location: 11:00

Glenn

  • Race: Protoss Protoss
  • League: Gold
  • Spawn Location: 7:00

VOD

Have the link to the VOD?

Description

Time

  • Played on: Feb. 19, 2016, 3:09 a.m.
  • Length: 5:42
Show
View Real Time Build Order
Export as new Build Order

zidar Zerg - Winner!

Build Orders: Pool First 

Get SALT Encoding   

  12  0:01  Drone  
  13  0:12  Overlord  
  13  0:17  Drone  
  14  0:30  Drone x2  
  14  0:34  Drone  
  17  1:17  Spawning Pool  
  16  1:31  Hatchery  
  15  1:35  Extractor, Drone x3  
  16  2:27  Zergling x6  
  16  3:16  Zergling x4  
  16  3:17  Zergling x8  
  22  3:31  Zergling x2  
  22  3:32  Zergling x2  
  21  3:55  Queen  
  20  4:05  Zergling x12  
  26  4:14  Spine Crawler  
  23  4:20  Spine Crawler  
  22  5:13  Zergling x2  
  22  5:14  Zergling x10  
  28  5:23  Overlord  
  28  5:24  Overlord  
Show
View Real Time Build Order
Export as new Build Order

Glenn Protoss 

Build Orders:  

Get SALT Encoding   

  12  0:14  Pylon  
  13  0:28  Probe (Chrono Boost)  
  13  0:33  Forge  
  13  0:39  Probe (Chrono Boost)  
  14  0:48  Pylon  
  13  1:06  Pylon  
  12  1:16  Probe (Chrono Boost)  
  13  1:27  Probe (Chrono Boost)  
  14  1:37  Probe (Chrono Boost)  
  15  1:48  Probe (Chrono Boost), Photon Cannon  
  16  1:55  Photon Cannon  
  16  1:58  Probe (Chrono Boost)  
  16  2:02  Pylon  
  16  2:10  Pylon  
  16  2:21  Photon Cannon  
  16  2:30  Photon Cannon  
  16  2:39  Photon Cannon  
  16  2:50  Photon Cannon  
  16  3:03  Photon Cannon  
  16  3:07  Pylon  
  15  3:13  Photon Cannon  
  15  3:19  Pylon  
  15  3:29  Photon Cannon  
  15  3:41  Pylon  
  15  3:54  Photon Cannon  
  15  4:04  Photon Cannon  
  15  4:10  Probe (Chrono Boost)  
  16  4:21  Probe (Chrono Boost)  
  17  4:28  Pylon  
  17  4:31  Probe (Chrono Boost)  
  17  4:36  Pylon  
  18  4:40  Photon Cannon  
  18  4:42  Probe (Chrono Boost)  
  19  4:51  Photon Cannon  
  20  4:53  Probe (Chrono Boost)  
  2  5:34  Nexus  
Tags
 
Matchup
PvZ
Opening
Pool First
Spawn Locations
Close Positions
Add a new tag
Caveats
  • Supply blocks, unpowered buildings, or Contaminate may cause inaccurate times.
  • Supply counts are checked every 10 seconds.